cohdb
Replays
Latest Replays
All Replays
Popular Replays
Top Player Replays
Match Explorer
How It Works
Community
CoH3 Stats
Reddit
Sign in to upload your games and track your stats! →
Sign in with Steam
Match 47224354
Unlisted
Match 47224354
Overview
Messages
Build Orders
End
Construct Barracks
Selects Heavy Weapons
Riflemen Squad
Riflemen Squad
Construct Weapon Support Center
M1919 Machine Gun Team
Riflemen Squad
Selects M2HB .50cal Heavy Machine Gun
Selects M2HB .50cal Heavy Machine Gun
Construct Medical Station
Mechanized Support Center
ILoveGingers
[PD] [9C] [FT] Claudius Tacitus
Nico-Nico-Nii~~
Starbuckshunter
Burnt_Steak
FeezGhads
JIucu4ka
TEA OR STH STRONGER
0
0
Comments
sign in to comment!
No comments posted yet!